 Dungeon Crawl Stone Soup version 0.22-a0-159-g7ce444f (webtiles) character file.

262 GrunderHorse the Zephyrmancer (level 6, -10/32 HPs)
             Began as a Tengu Air Elementalist on Feb 9, 2018.
             Mangled by BisonMan's ghost (15 damage)
             ... on level 3 of the Dungeon.
             The game lasted 00:11:00 (3853 turns).

GrunderHorse the Zephyrmancer (TeAE)                Turns: 3853, Time: 00:11:00

Health: -10/32     AC:  3    Str:  9    XL:     6   Next: 18%
Magic:  8/10       EV: 12    Int: 17    God:
Gold:   137        SH:  6    Dex: 14    Spells: 6/9 levels left

rFire    . . .     SeeInvis .   h - +0 dagger
rCold    . . .     Gourm    .   (no shield)
rNeg     . . .     Faith    .   a - +0 robe
rPois    .         Spirit   .   (helmet restricted)
rElec    .         Reflect  +   (no cloak)
rCorr    .         Harm     .   n - +0 pair of gloves
MR       .....                  (boots unavailable)
Stlth    ++........             d - +6 amulet of reflection
HPRegen  0.10/turn              (no ring)
MPRegen  0.12/turn              (no ring)

@: swift, quick
A: beak, talons 3, able to fly 1
a: Fly


You were on level 3 of the Dungeon.
You were not hungry.

You visited 1 branch of the dungeon, and saw 3 of its levels.

You collected 137 gold pieces.

Inventory:

Hand Weapons
 h - a +0 dagger (weapon)
 s - a +1 spear of venom
Armour
 a - a +0 robe (worn)
 n - a +0 pair of gloves (worn)
Jewellery
 d - a +6 amulet of reflection (around neck)
 l - a +4 amulet of reflection
Scrolls
 e - a scroll of teleportation {unknown}
 g - a scroll of enchant weapon {unknown}
 k - 6 scrolls of identify {unknown}
Potions
 f - 2 potions of haste {unknown}
 i - 2 potions of brilliance {unknown}
 m - a potion of magic {unknown}
 o - 2 potions of agility {unknown}
 p - a potion of flight {unknown}
 q - 2 potions of lignification {unknown}
Books
 b - a book of Air

   Spells                             Type                      Level
   a - Shock                          Conjuration/Air              1
   b - Swiftness                      Charms/Air                   2
   c - Static Discharge               Conjuration/Air              3
   d - Airstrike                      Air                          4
   e - Lightning Bolt                 Conjuration/Air              5
Comestibles
 c - 6 rations


   Skills:
 - Level 0.2 Fighting
 - Level 2.1 Dodging
 - Level 2.0 Stealth
 - Level 2.0 Spellcasting
 - Level 1.3 Conjurations
 + Level 8.8 Air Magic


You had 6 spell levels left.
You knew the following spells:

 Your Spells              Type           Power        Failure   Level  Hunger
a - Shock                 Conj/Air       ###.         2%          1    #......
b - Swiftness             Chrm/Air       ###.....     4%          2    ###....


Dungeon Overview and Level Annotations

Branches:
Dungeon (3/15)

Altars:
Ashenzari
Cheibriados
Uskayaw
Yredelemnul

Annotations:
D:3 BisonMan's ghost, amateur MiFi


Innate Abilities, Weirdness & Mutations

You have a beak for a mouth.
You have claws for feet.
You can fly.


Message History

BisonMan's ghost whispers, "The ORB doesn't exist."
There is a stone staircase leading up here.
You block BisonMan's ghost's attack.
You climb upwards.
There is a stone staircase leading down here.
You start resting.
Magic restored.
You start resting.
HP restored.
You climb downwards.
Level annotation: BisonMan's ghost, amateur MiFi BisonMan's ghost hits you!
BisonMan's ghost hits you.
There is a stone staircase leading up here.
BisonMan's ghost hits you!
* * * LOW HITPOINT WARNING * * *
All of the chunks of flesh in your inventory have rotted away.
Casting: Shock (safe; 2% risk of failure)
Confirm with . or Enter, or press ? or * to list all spells.
You feel quick. BisonMan's ghost hits you!
You die...

#.#.##... ######### #.#......
#.......# #.####... #.......#
#.##..... #.......# #.##.####
#.......# ########.##.#
#.......###### #......#.##.#
#............#####......#.##.#
................@W...<..#.##.###
#######......#####......#......#
#.# #......## #.......####.#.#
##.#######....# #.##########.#.#
#.....# #....# #.)............#
#.....# #..).###..#########.###
......# #.........# #...
##########.........# #####
###⌠###8####.......# ..###


You could see BisonMan's ghost.

Vanquished Creatures
  A phantom (D:2)
  Terence (D:3)
  7 adders
  7 worms
  A leopard gecko (D:1)
  5 orcs (D:3)
  2 giant cockroaches (D:1)
  8 hobgoblins
  12 jackals
  6 kobolds
  2 quokkas (D:2)
  5 bats
  3 frilled lizards
  5 goblins
  2 rats
67 creatures vanquished.

Vanquished Creatures (others)
  An adder (D:3)
1 creature vanquished.

Grand Total: 68 creatures vanquished

Notes
Turn   | Place    | Note
-------+----------+-------------------------------------------
     0 | D:1      | GrunderHorse the Tengu Air Elementalist began the quest for the Orb.
     0 | D:1      | Reached XP level 1. HP: 10/10 MP: 4/4
   292 | D:1      | Reached XP level 2. HP: 15/15 MP: 1/6
   376 | D:1      | Learned a level 2 spell: Swiftness
   621 | D:1      | Reached skill level 5 in Air Magic
  1233 | D:2      | Reached XP level 3. HP: 11/19 MP: 1/7
  1235 | D:2      | Found a snail-covered altar of Cheibriados.
  1396 | D:2      | Reached skill level 6 in Air Magic
  1469 | D:2      | Found a hide-covered altar of Uskayaw.
  1499 | D:2      | Noticed a phantom
  1506 | D:2      | Killed a phantom
  1506 | D:2      | Reached skill level 7 in Air Magic
  1506 | D:2      | Reached XP level 4. HP: 22/24 MP: 1/8
  1506 | D:2      | Gained mutation: You can fly. [Tengu growth]
  1506 | D:2      | Reached XP level 5. HP: 26/28 MP: 1/9
  1721 | D:2      | Found a basalt altar of Yredelemnul.
  2130 | D:2      | Reached skill level 8 in Air Magic
  2937 | D:3      | Noticed BisonMan's ghost (amateur MiFi)
  2952 | D:3      | Found a shattered altar of Ashenzari.
  2981 | D:3      | Reached XP level 6. HP: 17/32 MP: 0/10
  3660 | D:3      | Noticed Terence
  3713 | D:3      | Killed Terence
  3853 | D:3      | Mangled by BisonMan's ghost

Vault maps used:
D:1:      dpeg_arrival_arbitrary_b
D:2:      overflow_temple_1_default, cheibriados_altar_1,
          nicolae_overflow_crystal_walls
D:3:      lemuel_doored_altar, marbit_many_paths, serial_corexii_hall,
          corexii_hall_statues_i, corexii_hall_statues_x, lemuel_old_faithful,
          uniq_terence

Skill      XL: |  1  2  3  4  5 |
---------------+----------------+-----
Air Magic      | 5 7 8 |  8.8
Fighting       | |  0.2
Dodging        | |  2.1
Stealth        | |  2.0
Spellcasting   | |  2.0
Conjurations   | |  1.3

Action                   |  1- 3 |  4- 6 || total
-------------------------+-------+-------++-------
Melee: Dagger            |    16 |    43 ||    59
       Kick              |     5 |     9 ||    14
       Peck              |     2 |     8 ||    10
 Cast: Shock             |    56 |   103 ||   159
       Swiftness         |     1 |     5 ||     6
  Use: Scroll            |       |     1 ||     1
  Eat: Chunk             |     3 |     6 ||     9
       Ration            |       |     1 ||     1
Armor: Robe              |     1 |    12 ||    13
Dodge: Dodged            |     7 |    31 ||    38
Block: Other             |     5 |    17 ||    22
       Reflection        |       |     1 ||     1

Table legend:
 A = Spawn XP
 B = Non-spawn XP
 C = Spawn XP percentage of total XP
 D = Spawn monster count
 E = Non-spawn monster count
 F = Spawn count percentage of total count
 G = Total turns spent on level
                    A         B        C        D         E        F      G
               +---------+---------+-------+---------+---------+-------+---------
         Total |       0 |     375 |   0.0 |       0 |      67 |   0.0 |  3853
               +---------+---------+-------+---------+---------+-------+---------
           D:1 |       0 |      30 |   0.0 |       0 |      16 |   0.0 |  1137
           D:2 |       0 |     242 |   0.0 |       0 |      31 |   0.0 |  1894
           D:3 |       0 |     103 |   0.0 |       0 |      20 |   0.0 |   822
               +---------+---------+-------+---------+---------+-------+---------
